 Dungeon Crawl Stone Soup version 0.26-a0-1107-g6118521029 (webtiles) character file.

Game seed: 2771243914187286230

7 Dracia the Skirmisher (level 1, -2/18 HPs)
             Began as a Demonspawn Abyssal Knight on Dec 16, 2020.
             Was an Initiate of Lugonu.
             Slain by an ogre
             ... wielding a +0 giant club
              (16 damage)
             ... on level 2 of the Dungeon.
             The game lasted 00:00:44 (852 turns).

Dracia the Skirmisher (Demonspawn Abyssal Knight)    Turns: 852, Time: 00:00:45

Health: -2/18      AC:  7    Str: 18    XL:     1   Next: 91%
Magic:  2/2        EV: 11    Int: 13    God:    Lugonu [......]
Gold:   66         SH:  0    Dex: 12    Spells: 0/0 levels left

rFire    . . .     SeeInvis .   a - +1 falchion
rCold    . . .     Faith    .   (no shield)
rNeg     . . .     Spirit   .   b - +0 leather armour
rPois    .         Reflect  .   g - +0 helmet
rElec    .         Harm     .   (no cloak)
rCorr    .         Rampage  .   (no gloves)
Will     .....                  l - +2 pair of boots
Stlth    +.........             (no amulet)
HPRegen  0.06/turn              S - +6 ring of strength
MPRegen  0.08/turn              (no ring)

@: no status effects
A: no striking features
a: Renounce Religion


You were on level 2 of the Dungeon.
You worshipped Lugonu.
Lugonu was noncommittal.
You visited 1 branch of the dungeon, and saw 2 of its levels.
You visited the Abyss 1 time.

You collected 66 gold pieces.


   Skills:
 - Level 3.0 Fighting
 * Level 2.2 Long Blades
 - Level 1.7 Armour
 - Level 0.8 Dodging
 + Level 2.8 Invocations


You couldn't memorise any spells.
You didn't know any spells.
Your spell library was empty.

Inventory:

Hand Weapons
 a - a +1 falchion (weapon)
Missiles
 h - 9 poisoned darts
Armour
 b - a +0 leather armour (worn)
 g - a +0 helmet (worn)
 l - a +2 pair of boots (worn)
Jewellery
 S - a +6 ring of strength (left hand)
Scrolls
 c - a scroll of noise {unknown}
 k - a scroll of random uselessness {unknown}
Potions
 d - a potion of lignification {unknown}
 e - a potion of mutation {unknown}
 f - a potion of heal wounds {unknown}
 i - a potion of curing {unknown}
 j - 2 potions of attraction {unknown}

Dungeon Overview and Level Annotations

Branches:
Dungeon (2/15)

Altars:

....###########........
.....######## #..######
............# #..#
.....######.# #..#
....## #..# ...<#
#.###..####### #.#.#
#............. ..#.#
######.###### ###.# #@#
..# ......Og# ...
#######.# ### ... ...
..... g.... #......


You could see an ogre and 2 goblins.


Message History

Lugonu accepts your kill.
No target in view!
Things that are here:
a cursed +0 club; a goblin corpse Done exploring.
Done exploring.
Unknown command.
Done exploring.
(D) Dungeon
Where to? (? - help)
There is a stone staircase leading down here.
You climb downwards.
There is a stone staircase leading up here.
Found a pair of embroidered boots.
l - a pair of embroidered boots A goblin comes into view.
It is wielding a +0 club.
The goblin shouts!
Keep equipping yourself? [Y]es or [N]o only, please.
Keep equipping yourself?
The ogre shouts!
You finish putting on your +2 pair of boots.
The goblin hits you with a +0 club.
You slash the ogre!
The ogre is moderately wounded.
The goblin barely misses you.
A goblin comes into view. It is wielding a +0 club.
The ogre hits you with a +0 giant club!
Ouch! That really hurt!
You die...

Skill      XL: |  1 |
---------------+----+-----
Long Blades    | 2 |  2.2
Fighting       | |  3.0
Armour         | |  1.7
Dodging        | |  0.8
Invocations    | |  2.8

Action                   || total
-------------------------++-------
Melee: Falchion          ||    16
Invok: Depart the Abyss  ||     1
Armor: Leather armour    ||     5
Dodge: Dodged            ||    14
       Rpst.: Falchion   ||     6

Levels and vault maps discovered:
D:1:      erik_arrival_triangle_medium, layout_basic
D:2:      layout_loops_ring, minmay_misc_feat_pillars

Notes
Turn   | Place    | Note
-------+----------+-------------------------------------------
     0 | Abyss:1  | Dracia the Demonspawn Abyssal Knight began the quest for
                  | the Orb.
     0 | Abyss:1  | Reached XP level 1. HP: 18/18 MP: 2/2
    37 | Abyss:1  | Noticed a raiju
    38 | D:1      | You pass through the gate.
    38 | D:1      | Escaped the Abyss
   420 | D:1      | Reached skill level 2 in Long Blades
   846 | D:2      | Noticed an ogre
   852 | D:2      | Slain by an ogre

Vanquished Creatures
  A goblin (D:1)
  A hobgoblin (D:1)
  A frilled lizard (D:1)
  3 kobolds (D:1)
  3 rats (D:1)
9 creatures vanquished.

Table legend: (Time is in decaauts)
 A = Elapsed time spent in this place.
 B = Non-inter-level travel time spent in this place.
 C = Inter-level travel time spent in this place.
 D = Time resting spent in this place.
 E = Time spent auto-exploring this place.
 F = Levels seen in this place.
 G = Mean time per level.
                   A        B        C        D        E       F      G
               +--------+--------+--------+--------+--------+-----+--------+
         Total |    853 |    841 |     12 |      0 |    763 |   3 |  284.3 |
       Dungeon |    815 |    803 |     12 |      0 |    726 |   2 |  407.5 |
         Abyss |     38 |     38 |      0 |      0 |     37 |   1 |   38.0 |
               +--------+--------+--------+--------+--------+-----+--------+

Top non-repeatable levels by time:
     D:1: 783 daAuts
 Abyss:1: 38 daAuts
     D:2: 32 daAuts

Table legend:
 A = Non-vault XP
 B = Vault XP
 C = Vault XP percentage of total XP
 D = Non-vault monster count
 E = Vault monster count
 F = Vault count percentage of total count
                 A         B        C        D         E       F
            +---------+---------+-------+---------+---------+-------
      Total |      11 |       0 |   0.0 |       9 |       0 |   0.0
            +---------+---------+-------+---------+---------+-------
        D:1 |      11 |       0 |   0.0 |       9 |       0 |   0.0
            +---------+---------+-------+---------+---------+-------
